 Dungeon Crawl Stone Soup version 0.27.1-15-g792fb953b9 (webtiles) character file.

Game seed: 2656960711023492337

174 itsemess the Chopper (level 5, -4/47 HPs)
             Began as a Minotaur Berserker on Nov 19, 2021.
             Was a Believer of Trog.
             Slain by Terence (16 damage)
             ... on level 3 of the Dungeon.
             The game lasted 00:11:07 (2144 turns).

itsemess the Chopper (Minotaur Berserker)           Turns: 2144, Time: 00:11:10

Health: -4/47      AC:  5    Str: 23    XL:     5   Next: 28%
Magic:  4/4        EV: 11    Int:  4    God:    Trog [**....]
Gold:   64         SH:  0    Dex:  9    Spells: 4/4 levels left

rFire    . . .     SeeInvis .   m - +0 war axe
rCold    . . .     Faith    .   (no shield)
rNeg     . . .     Spirit   .   g - +0 ring mail
rPois    .         Reflect  .   (helmet restricted)
rElec    .         Harm     .   (no cloak)
rCorr    .         Rampage  .   (no gloves)
Will     ++...                  (no boots)
Stlth    ..........             (no amulet)
HPRegen  1.15/turn              (no ring)
MPRegen  0.09/turn              (no ring)

@: strong-willed, regenerating
A: horns 2, retaliatory headbutt
a: Renounce Religion, Berserk, Trog's Hand


You were on level 3 of the Dungeon.
You worshipped Trog.
Trog was pleased with you.
You visited 1 branch of the dungeon, and saw 3 of its levels.

You collected 64 gold pieces.

Inventory:

Hand Weapons
 m - a +0 war axe (weapon)
Missiles
 c - 11 stones (quivered)
Armour
 g - a +0 ring mail (worn)
 h - a +0 ring mail
Wands
 k - a wand of flame (16)
Scrolls
 b - 2 scrolls of identify {unknown}
 e - 2 scrolls of teleportation
 f - a scroll of enchant weapon {unknown}
 j - a scroll of torment {unknown}
 l - a scroll of noise {unknown}


   Skills:
 + Level 4.9 Fighting
 + Level 5.6 Axes
 + Level 3.8 Armour
 - Level 2.1 Dodging


You had 4 spell levels left.
You didn't know any spells.
Your spell library contained the following spells:

 Spells                   Type           Power      Damage    Failure   Level
 Foxfire                  Conj/Fire      0%         2x1d4     65%         1
 Call Canine Familiar     Summ           0%         N/A       95%         3
 Conjure Flame            Conj/Fire      0%         6-21      95%         3
 Inner Flame              Hex/Fire       0%         N/A       95%         3
 Portal Projectile        Hex/Tloc       0%         N/A       95%         3
 Leda's Liquefaction      Hex/Erth       0%         N/A       100%        4


Dungeon Overview and Level Annotations

Branches:
Dungeon (3/15)

Altars:
Ru

Annotations:
D:3 Terence


Innate Abilities, Weirdness & Mutations

You have a pair of horns on your head.
You reflexively headbutt those who attack you in melee.


Message History

You slash the hobgoblin!
You kill the hobgoblin!
Trog accepts your kill.
The endoplasm hits you but does no damage.
You see here a quokka corpse.
You slash the endoplasm!
You kill the endoplasm!
Trog accepts your kill.
There is a stone staircase leading down here.
b - 2 scrolls labelled DIPLOM IFAR (gained 1)
There are no items here.
You feel yourself speed up.
Terence the Incautious comes into view.
He is wielding a +2 falchion of electrocution.
Terence shouts!
A dart slug comes into view.
A hobgoblin comes into view.
The hobgoblin shouts!
The dart slug launches a dart at you. The slug dart hits you.
Terence hits you with a +2 falchion of electrocution!
You are electrocuted!
You recover from your berserk rage.
Your skin crawls.
You feel strong-willed. The hobgoblin hits you.
You fail to use your ability.
The hobgoblin hits you but does no damage.
You barely miss the hobgoblin.
The hobgoblin hits you but does no damage.
You closely miss the hobgoblin. The hobgoblin hits you.
You slash the hobgoblin!
You kill the hobgoblin!
Trog accepts your kill.
You slash Terence!
Terence is heavily wounded.
Terence asks, "Do you want it fast or slow?"
Terence hits you with a +2 falchion of electrocution.
You are electrocuted!
* * * LOW HITPOINT WARNING * * *
Terence hits you but does no damage.
You are electrocuted!
You die...

####### ######### ......##
#.......# .......##
#.......# ........#####
#.......#
............######.......#
........###.....@@w......#
........# ########.......#
........# ........#
.......## ##.......#
........# . #########
........##.. ...........#
....>....### .........#


You could see Terence and a dart slug.

Vanquished Creatures
  A phantom (D:3)
  A bullfrog skeleton (D:3)
  2 worms (D:2)
  2 dart slugs
  An orc (D:2)
  3 ball pythons (D:1)
  7 endoplasms
  3 giant cockroaches
  7 goblins
  6 hobgoblins
  7 kobolds
  3 quokkas
  5 bats
  2 frilled lizards (D:2)
  4 rats
54 creatures vanquished.

Vanquished Creatures (others)
  2 plants (D:1)
2 creatures vanquished.

Grand Total: 56 creatures vanquished

Notes
Turn   | Place    | Note
-------+----------+-------------------------------------------
     0 | D:1      | itsemess the Minotaur Berserker began the quest for the
                  | Orb.
     0 | D:1      | Reached XP level 1. HP: 19/19 MP: 0/0
   122 | D:1      | Reached skill level 4 in Axes
   156 | D:1      | Reached XP level 2. HP: 19/27 MP: 1/1
   251 | D:1      | Found a faded altar of an unknown god.
   941 | D:1      | Reached XP level 3. HP: 32/34 MP: 2/2
  1101 | D:2      | Reached ** piety under Trog
  1611 | D:2      | Found a sacrificial altar of Ru.
  1843 | D:2      | Reached XP level 4. HP: 41/41 MP: 3/3
  2089 | D:3      | Noticed a phantom
  2095 | D:3      | Killed a phantom
  2096 | D:3      | Reached skill level 5 in Axes
  2096 | D:3      | Reached XP level 5. HP: 47/47 MP: 4/4
  2133 | D:3      | Noticed Terence
  2144 | D:3      | Slain by Terence

Illustrated notes

Levels and vault maps discovered:
D:1:      shiori_arrival_whats_in_store_for_you, layout_loops_ring,
          chequers_ecumenical_altar_simple_redux,
          chequers_serial_rivers_micro_e, serial_bayou_pond_d
D:2:      layout_loops_ring, basic_altar, chequers_serial_rivers_room_b,
          columned_hall_lemuel
D:3:      layout_rooms, serial_shops, shop, nicolae_shop_stone, uniq_jessica,
          uniq_terence

Skill      XL: |  1  2  3  4 |
---------------+-------------+-----
Axes           | 4 5 |  5.6
Fighting       | 4 |  4.9
Armour         | 3 |  3.8
Dodging        | |  2.1

Action                   |  1- 3 |  4- 6 || total
-------------------------+-------+-------++-------
Melee: Hand axe          |    96 |       ||    96
       Headbutt          |    15 |       ||    15
       War axe           |       |    10 ||    10
Invok: Berserk           |     4 |     1 ||     5
       Trog's Hand       |       |     1 ||     1
  Use: Scroll            |     1 |       ||     1
 Stab: Sleeping          |     1 |       ||     1
Armor: Animal skin       |     4 |       ||     4
       Ring mail         |    32 |     6 ||    38
Dodge: Dodged            |    49 |     3 ||    52
